[Event "Early-Titled-Tuesday-Blitz-October-10-2023"]
[Site "Chess.com"]
[Date "2023.10.10"]
[Round "8"]
[White "borocotoajua"]
[Black "kacprekt"]
[Result "0-1"]
[WhiteElo "2568"]
[BlackElo "2490"]
[TimeControl "180+1"]
[EndTime "9:27:30 PDT"]
[Termination "kacprekt won by checkmate"]

1. d4 d5 2. Nf3 Nf6 3. c4 e6 4. g3 Bd6 5. Bg2 Nc6 6. O-O O-O 7. Nc3 dxc4 8. e4 e5 9. d5 Na5 10. Qe2 b6 11. Rd1 Ba6 12. Nh4 Re8 13. Nf5 b5 14.
Bg5 b4 15. Na4 Bb5 16. b3 Rb8 17. Qf3 Bxa4 18. bxa4 c3 19. h4 Nc4 20. h5 Nd2 21. Rxd2 cxd2 22. h6 g6 23. Nxd6 Qxd6 24. Bxf6 c5 25. Bf1 c4 26. Bxc4 Rec8 27. Rd1 Rxc4 28.
Rxd2 Rc3 29. Qg4 Qxf6 30. d6 Rd8 31. d7 Qe6 32. Qg5 f6 33. Qh4 Rc7 34. g4 Rcxd7 35.
Re2 g5 36. Qg3 Rd3 37. Qg2 Rd1+ 38. Kh2 f5 39. exf5 Qxh6+ 40. Kg3 R8d3+ 41. Re3 Rxe3+ 42. fxe3 Qh4+ 43. Kf3 Qe1 44. Qc2 Qh1+ 45. Ke2 Re1+ 46. Kd3 Qd5# 0-1

[Event "Early-Titled-Tuesday-Blitz-October-10-2023"]
[Site "Chess.com"]
[Date "2023.10.10"]
[Round "8"]
[White "Cambek64"]
[Black "azikom"]
[Result "0-1"]
[WhiteElo "2425"]
[BlackElo "2587"]
[TimeControl "180+1"]
[EndTime "9:27:30 PDT"]
[Termination "azikom won on time"]

1. b3 c5 2. Bb2 Nc6 3. e4 e5 4.
Nc3 d6 5. g3 Nf6 6. Bg2 Be7 7.
Nge2 O-O 8. O-O Nd4 9. d3 Rb8 10. h3 b5 11. f4 b4 12. Nb1 a5 13. a4 Ba6 14. Nd2 Qc7 15. f5 Nd7 16. Nf3 Nb6 17. g4 f6 18. Nd2 Rfd8 19. Nc4 d5 20. Nxb6 Qxb6 21. exd5 Nxe2+ 22. Qxe2 c4+ 23. Kh1 cxd3 24.
cxd3 Bb7 25. d4 Bxd5 26. Bxd5+ Rxd5 27. Qc4 Qb7 28. Rac1 exd4 29. Rfe1 Bf8 30. Bxd4 Kh8 31. Kg1 h6 32. Bf2 Rbd8 33. Qc7 Qa6 34. Qc6 Qd3 35. Re3 Qd2 36. Rc4 Qd1+ 37. Kg2 Rd2 38. Rf4 Bd6 39. Re8+ Rxe8 40. Qxe8+ Kh7 41. Qg6+ Kg8 42.
Re4 Qxb3 0-1

[Event "Early-Titled-Tuesday-Blitz-October-10-2023"]
[Site "Chess.com"]
[Date "2023.10.10"]
[Round "8"]
[White "queen_iryna"]
[Black "kingapolak"]
[Result "1-0"]
[WhiteElo "2331"]
[BlackElo "2045"]
[TimeControl "180+1"]
[EndTime "9:27:30 PDT"]
[Termination "queen_iryna won on time"]

1. e4 c5 2. Nf3 Nc6 3. Bb5 g6 4. Bxc6 dxc6 5. d3 Bg7 6. Nc3 e5 7. Be3 b6 8. Qd2 h6 9. h3 Be6 10. O-O Qd7 11. Nh2 g5 12. a3 Ne7 13. b4 cxb4 14.
axb4 O-O-O 15. Ra6 Kb7 16. Rfa1 Ra8 17. Qc1 Nc8 18.
Qa3 Kc7 19. Nf3 g4 20. hxg4 Bxg4 21. Nd2 Rb8 22. Qb2 Rg8 23. R1a2 Bf6 24. Qa1 Bh3 25.
g3 Kd6 26. Nc4+ Ke7 27. b5 Be6 28. bxc6 Qxc6 29. Nd5+ Bxd5 30. exd5 Qxd5 31. Rxa7+ Nxa7 32. Rxa7+ Rb7 33. Bxb6 Rb8 34. Rxb7+ Rxb7 35. Qa3+ Ke6 36. Qf8 Bg5 37. Qc8+ Rd7 38. Qe8+ Kf6 39. Qh8+ Ke6 40. Qe8+ Kf6 41. Qb8 Qe6 42. Bc7 1-0

[Event "Early-Titled-Tuesday-Blitz-October-10-2023"]
[Site "Chess.com"]
[Date "2023.10.10"]
[Round "8"]
[White "Darko-Dimitrijevic"]
[Black "JesseFebruary"]
[Result "0-1"]
[WhiteElo "2127"]
[BlackElo "2076"]
[TimeControl "180+1"]
[EndTime "9:27:30 PDT"]
[Termination "JesseFebruary won by checkmate"]

1. c4 c5 2. g3 Nc6 3. Bg2 g6 4.
Nc3 Bg7 5. e3 d6 6. Nge2 e6 7.
d4 Nge7 8. O-O O-O 9. b3 cxd4 10. exd4 Nf5 11. d5 Ncd4 12. Nxd4 Bxd4 13. Bb2 exd5 14.
cxd5 Qa5 15. Qd3 Bd7 16. Rac1 Rac8 17. Be4 Bxc3 18. Bxc3 Qxa2 19. Bxf5 Bxf5 20. Qd4 f6 21. Rfe1 Qxb3 22. Re7 Bh3 23. Qd2 Rce8 24. Rce1 Rxe7 25. Rxe7 Rf7 26. Re1 Kg7 27. Qd4 a5 28. g4 Bxg4 29.
Kg2 h5 30. h3 Bf5 31. Re7 Rxe7 32. Qxf6+ Kg8 33. Qxe7 Qxc3 34. Qe8+ Kg7 35. Qe7+ Kh6 36.
Qf8+ Kg5 37. Qe7+ Kf4 38. Qxd6+ Qe5 39. Qb6 Be4+ 40. Kf1 Qa1+ 41. Ke2 Qa2+ 42. Kd1 Qc2+ 43. Ke1 Qc1+ 44. Ke2 Bf3+ 45. Kd3 Be4+ 46. Ke2 Qc2+ 47. Ke1 Kf3 48. Qe3+ Kg2 49. Qg3+ Kh1 50. f3 Qc1+ 51. Ke2 Qc2+ 52. Ke3 Qd3+ 53. Kf2 Qd2+ 54. Kf1 Bd3# 0-1

[Event "Early-Titled-Tuesday-Blitz-October-10-2023"]
[Site "Chess.com"]
[Date "2023.10.10"]
[Round "8"]
[White "lilleper1"]
[Black "MikaelyanArman"]
[Result "0-1"]
[WhiteElo "2882"]
[BlackElo "2852"]
[TimeControl "180+1"]
[EndTime "9:27:31 PDT"]
[Termination "MikaelyanArman won by resignation"]

1. d4 d5 2. c4 c6 3. Nf3 Nf6 4. g3 g6 5. Bg2 Bg7 6. O-O O-O 7. Qb3 a5 8. Rd1 a4 9. Qc3 Ne4 10. Qe1 dxc4 11. Ne5 Nd6 12. Na3 Be6 13. Bf4 Qb6 14.
Qc3 Qa6 15. e4 Nd7 16. Nxd7 Bxd7 17. Bxd6 exd6 18. Nxc4 c5 19. e5 dxe5 20. dxe5 Be6 21. Nd6 Qb6 22. Rd2 Rad8 23. Rad1 Bxa2 24. Nxb7 Rxd2 25.
Rxd2 Qb4 26. Nxc5 Qxc3 27. bxc3 Bb3 28. f4 Rc8 29. Nxb3 axb3 30. Be4 Rxc3 31. Rd8+ Bf8 32. Rb8 Kg7 33. Bd5 Rc1+ 34. Kg2 Rc2+ 35. Kf3 b2 36. Rb7 Be7 37. Be4 Rc3+ 38. Kg2 Ba3 39. h4 h5 40. f5 gxf5 41. Bxf5 Kf8 42. g4 hxg4 43. Bxg4 Rc4 44. Bf5 Rf4 45. Bc2 Rxh4 46. Rb3 Rc4 47. Bd3 Rd4 48. Bc2 Rd2+ 0-1

[Event "Early-Titled-Tuesday-Blitz-October-10-2023"]
[Site "Chess.com"]
[Date "2023.10.10"]
[Round "8"]
[White "MaxLeto"]
[Black "salomez"]
[Result "1-0"]
[WhiteElo "2496"]
[BlackElo "2317"]
[TimeControl "180+1"]
[EndTime "9:27:31 PDT"]
[Termination "MaxLeto won on time"]

1. g4 e5 2. Bg2 d5 3. d4 e4 4. h3 Nc6 5. c4 dxc4 6. d5 Ne5 7. Bxe4 Nf6 8. Bg2 Bb4+ 9. Nc3 O-O 10. Qd4 Re8 11. Be3 b6 12. Nf3 Bc5 13. Qd2 Nxf3+ 14. Bxf3 Bxe3 15. fxe3 Bb7 16. O-O-O Qe7 17. e4 Nd7 18.
Nb5 Ne5 19. Nd4 c5 20. Nf5 Qd7 21. Kb1 b5 22. Qe3 Rac8 23. d6 b4 24. Ne7+ Rxe7 25.
dxe7 Qxe7 26. Qd2 c3 27. Qd6 Qe8 28. b3 c4 29. Rc1 cxb3 30. axb3 a5 31. Qb6 Rb8 32.
Qxa5 Qe6 33. Kc2 Ra8 34. Qxb4 Ra2+ 35. Kxc3 Qc8+ 36. Kd4 Nc6+ 37. Rxc6 1-0

[Event "Early-Titled-Tuesday-Blitz-October-10-2023"]
[Site "Chess.com"]
[Date "2023.10.10"]
[Round "8"]
[White "cycygogne"]
[Black "Manukyan_Artak"]
[Result "0-1"]
[WhiteElo "2270"]
[BlackElo "2475"]
[TimeControl "180+1"]
[EndTime "9:27:31 PDT"]
[Termination "Manukyan_Artak won by resignation"]

1. e4 c6 2. d4 d5 3. Nc3 dxe4 4. Nxe4 Nf6 5. Ng3 h5 6. h4 Bg4 7. Be2 e6 8. Bxg4 hxg4 9. Bg5 Qd5 10. N1e2 Qxg2 11.
Qd2 Ne4 12. Qe3 Nxg3 13. Nxg3 Bd6 14. O-O-O Bxg3 15. fxg3 Nd7 16. Rhf1 Qd5 17. Kb1 f6 18. Bf4 O-O-O 19. Qa3 a6 20. c4 Qxc4 21. Rc1 Qb5 22.
Qd6 e5 23. dxe5 Nxe5 24. Qe6+ Kb8 25. Rfd1 Ka7 26. Be3+ Ka8 27. Qe7 Nd3 28. Rc2 Rhe8 29. Qxg7 Rxe3 30. Qxf6 Rd5 31. h5 Nb4 32. Rxd5 Nxd5 33.
Qh8+ Ka7 34. Qd4+ Qb6 35. Qxb6+ Kxb6 36. h6 Rxg3 37. Rh2 Nf6 38. h7 Nxh7 39. Rxh7 Rg2 40. Rg7 g3 41. a3 a5 42. Ka2 a4 43. Rg4 Ka5 44. Rg5+ b5 45. Rg6 Kb6 46. Rg5 c5 47. Rg6+ Kc7 48. Kb1 b4 49. axb4 cxb4 50. Kc1 a3 51.
bxa3 bxa3 52. Kb1 a2+ 53. Ka1 Kd7 54. Rg7+ Ke6 55. Rg8 Kf5 56. Rf8+ Ke4 57. Re8+ Kf3 58. Rf8+ Ke3 59. Re8+ Kf2 60. Kxa2 Kg1+ 61. Kb3 Rd2 62. Kc3 Rd5 63. Kc4 Rd6 64. Kc5 Rd2 65. Kc4 g2 66.
Rg8 Kf1 67. Rf8+ Rf2 68. Rg8 g1=Q 0-1

[Event "Early-Titled-Tuesday-Blitz-October-10-2023"]
[Site "Chess.com"]
[Date "2023.10.10"]
[Round "8"]
[White "Rozhkov_V"]
[Black "LeoLV10"]
[Result "0-1"]
[WhiteElo "2442"]
[BlackElo "2567"]
[TimeControl "180+1"]
[EndTime "9:27:32 PDT"]
[Termination "LeoLV10 won by checkmate"]

1. e4 c6 2. d3 d5 3. Nd2 dxe4 4. dxe4 g6 5. Ngf3 Bg7 6. Bc4 Nf6 7. O-O O-O 8. a4 Nbd7 9. Qe2 e5 10. Bb3 Qe7 11. Nc4 Re8 12. Be3 Nxe4 13. Rfd1 Nf8 14. c3 Nc5 15. Bc2 Bg4 16. h3 Bxf3 17. Qxf3 Nce6 18.
a5 f5 19. a6 e4 20. Qe2 b6 21.
Bb3 Kh8 22. f3 f4 23. Bd4 Nxd4 24. cxd4 Rad8 25. fxe4 Rxd4 26. e5 Qc5 27. Kh1 Bxe5 28.
Re1 Nd7 29. Qg4 Qf8 30. Rad1 Rxd1 31. Rxd1 Nf6 32. Qf3 Bc7 33. Qxc6 Bb8 34. Qf3 Nh5 35. Bc2 Ng3+ 36. Kh2 Kg7 37. Qc3+ Kh6 38. Rd7 f3 39. Kg1 f2+ 40. Kh2 Ne2+ 41. Kh1 f1=Q# 0-1

[Event "Early-Titled-Tuesday-Blitz-October-10-2023"]
[Site "Chess.com"]
[Date "2023.10.10"]
[Round "8"]
[White "Iskusnyh"]
[Black "djokovic74"]
[Result "0-1"]
[WhiteElo "2597"]
[BlackElo "2747"]
[TimeControl "180+1"]
[EndTime "9:27:34 PDT"]
[Termination "djokovic74 won by resignation"]

1. d4 e6 2. c4 Nf6 3. g3 d5 4. Bg2 Be7 5. Nf3 O-O 6. O-O c6 7. Qc2 b6 8. Rd1 Bb7 9. b3 Nbd7 10. Nc3 c5 11. cxd5 exd5 12. Bb2 Rc8 13. Rac1 a6 14. Qf5 g6 15. Qh3 c4 16. Ne5 cxb3 17. axb3 Rc7 18. Bf3 Ne4 19. Nxe4 dxe4 20. Rxc7 Qxc7 21. Qxd7 Qxd7 22.
Nxd7 exf3 23. Nxf8 fxe2 24. Re1 Bf3 25. Bc3 Kxf8 26.
d5 a5 27. Rc1 f5 28. Be1 Bb4 29. d6 Bxe1 30. Rxe1 Ke8 31. h3 Kd7 32. g4 f4 33.
g5 Kxd6 34. Rc1 b5 35. h4 a4 36. bxa4 bxa4 37. Kh2 a3 38. Ra1 a2 39. h5 Kc5 40. h6 Kb4 41. Kh3 Ka3 42. Rc1 Kb2 43.
Rc7 a1=Q 44. Rb7+ Bxb7 0-1

[Event "Early-Titled-Tuesday-Blitz-October-10-2023"]
[Site "Chess.com"]
[Date "2023.10.10"]
[Round "8"]
[White "GothamChess"]
[Black "sergoy"]
[Result "1-0"]
[WhiteElo "2760"]
[BlackElo "2987"]
[TimeControl "180+1"]
[EndTime "9:27:35 PDT"]
[Termination "GothamChess won on time"]

1. e4 c5 2. Nc3 e6 3. d4 cxd4 4. Qxd4 Nc6 5. Qd3 Nf6 6. Bf4 d5 7.
O-O-O d4 8. Nb5 e5 9. Bxe5 Nxe5 10. Qg3 Qe7 11. Rxd4 Bg4 12. Nd6+ Qxd6 13. Rxd6 Bxd6 14.
Bb5+ Kf8 15. f4 Nh5 16. Qb3 Nxf4 17. Nf3 Be6 18. Qc3 Nxf3 19. Qxf3 Ng6 20. g3 Ke7 21. Ba4 Ne5 22. Qe3 Nc4 23. Qg5+ Kf8 24. Bb3 Rc8 25.
Rd1 Be7 26. Qb5 b6 27. Qa6 g6 28. Rd4 Bg5+ 29. Kb1 Nd2+ 30. Rxd2 Bxd2 31. Bxe6 Rd8 32. Bd5 Bg5 33. Qxa7 Be7 34. a4 h5 35. h4 Rd6 36.
Qc7 Rd8 37. Ka2 Rd6 38. c3 Rd8 39. b4 Rd6 40. Kb3 Rd8 41. Qxb6 Kg7 42. Qb7 Rhe8 43. a5 Rb8 44. Qc7 Rbc8 45. Qd7 Rcd8 46. Qa7 Kf8 47. a6 1-0

[Event "Early-Titled-Tuesday-Blitz-October-10-2023"]
[Site "Chess.com"]
[Date "2023.10.10"]
[Round "8"]
[White "abelmat"]
[Black "carloseduar100"]
[Result "0-1"]
[WhiteElo "1957"]
[BlackElo "2325"]
[TimeControl "180+1"]
[EndTime "9:27:36 PDT"]
[Termination "carloseduar100 won on time"]

1. d4 d5 2. c4 e5 3. dxe5 d4 4.
Nf3 Nc6 5. a3 Nge7 6. Bg5 Bg4 7.
Nbd2 Qd7 8. h3 Bh5 9. g4 Bg6 10.
Bg2 h5 11. gxh5 Rxh5 12. Qb3 Nf5 13. h4 Be7 14. Bh3 Bxg5 15. Nxg5 Rxh4 16. O-O-O O-O-O 17. Ndf3 Rh5 18. e4 Rxh3 19. Rxh3 Nh6 20. Rhh1 Ng4 21. Rhf1 Ngxe5 22. Nxe5 Nxe5 23. f4 Nc6 24. f5 Bh5 25.
Rh1 Bxd1 26. Rxd1 Ne5 27. c5 Qc6 28. Kb1 d3 29. Nxf7 Nxf7 30. Qxf7 Qxe4 31. Qe6+ Qxe6 32. fxe6 Re8 33. Re1 d2 34. Rd1 Rxe6 35. Rxd2 g5 36. Rg2 Rg6 37. b4 g4 38. Kc2 g3 39. Kc3 Kd7 40.
Kd4 Kc6 41. Kc4 a6 42. a4 Rg4+ 43. Kb3 Kd5 44. Rd2+ Ke4 0-1

[Event "Early-Titled-Tuesday-Blitz-October-10-2023"]
[Site "Chess.com"]
[Date "2023.10.10"]
[Round "8"]
[White "zverr1"]
[Black "Karttunen"]
[Result "1-0"]
[WhiteElo "2507"]
[BlackElo "2627"]
[TimeControl "180+1"]
[EndTime "9:27:38 PDT"]
[Termination "zverr1 won by resignation"]

1. d4 Nf6 2. c4 g6 3. Nc3 d5 4.
cxd5 Nxd5 5. Bd2 Bg7 6. e4 Nb6 7. Be3 Nc6 8. Bb5 O-O 9. Nge2 a6 10. Bxc6 bxc6 11. O-O Nc4 12. Bc1 a5 13. Qa4 Nd6 14.
Bg5 Nb5 15. Rfd1 Qd6 16. Rac1 h6 17. Bf4 Qb4 18. Qxb4 axb4 19. Nxb5 cxb5 20. Bxc7 Rxa2 21. Rd2 Bb7 22. f3 Rc8 23. Kf2 h5 24. Be5 Rc4 25.
Bxg7 Kxg7 26. Ke3 Kf8 27. b3 Ra3 28. Rd3 Rxc1 29. Nxc1 Ke8 30. Rd2 Kd7 31. Rb2 f5 32. Nd3 fxe4 33. fxe4 Ra1 34. Nxb4 Rg1 35. Nd3 Rh1 36.
Nc5+ Kc6 37. Nxb7 Kxb7 38. h3 Rg1 39. Kf4 Re1 40. Ke5 Kc7 41. Rc2+ Kd7 42. Rc5 Re2 43. Rxb5 Rxg2 44. Rb7+ Kd8 45. Ke6 Rg3 46. Rd7+ Kc8 47. Rxe7 Rxb3 48. d5 Rxh3 49. d6 Rd3 50. Re8+ Kb7 51. d7 h4 52. d8=Q Rxd8 53. Rxd8 g5 54. Rh8 Kc6 55. Kf5 Kc5 56. e5 1-0

[Event "Early-Titled-Tuesday-Blitz-October-10-2023"]
[Site "Chess.com"]
[Date "2023.10.10"]
[Round "8"]
[White "Man-Chuk"]
[Black "Maksimus1998"]
[Result "1-0"]
[WhiteElo "2767"]
[BlackElo "2617"]
[TimeControl "180+1"]
[EndTime "9:27:39 PDT"]
[Termination "Man-Chuk won by resignation"]

1. e4 c5 2. Nf3 a6 3. c3 d5 4. exd5 Qxd5 5. Na3 Nf6 6. Nc4 Nbd7 7. a4 b6 8. d4 e6 9. Be2 Bb7 10. O-O cxd4 11.
Qxd4 Bc5 12. Qxd5 Bxd5 13. b4 Be7 14. Be3 Rb8 15. Bf4 Rc8 16. Nd6+ Bxd6 17. Bxd6 Ne4 18. Bf4 a5 19. Ba6 Ra8 20. c4 Rxa6 21. cxd5 exd5 22.
b5 Ra8 23. Rfd1 Nef6 24. Bd6 Nc5 25. Rac1 Rc8 26. Ne5 Nfe4 27. Rxd5 Nxd6 28. Rxd6 Ke7 29. Rxb6 Nxa4 30. Nc6+ Kd7 31. Rb7+ Ke6 32. Re1+ Kf6 33. Nxa5 Rb8 34. h4 Nc3 35. b6 Nd5 36. Rd7 Nxb6 37.
Rd6+ Kf5 38. Nc6 Nc4 39. Ne7+ Kg4 40. Rd4+ Kh5 41. Rxc4 Rbe8 42. Rce4 f5 43. Nxf5 Rxe4 44. Rxe4 g6 45. Ng3+ Kh6 46. Kh2 Ra8 47. f3 1-0

[Event "Early-Titled-Tuesday-Blitz-October-10-2023"]
[Site "Chess.com"]
[Date "2023.10.10"]
[Round "8"]
[White "mary-sanna"]
[Black "Vision_64"]
[Result "1/2-1/2"]
[WhiteElo "2165"]
[BlackElo "2332"]
[TimeControl "180+1"]
[EndTime "9:27:39 PDT"]
[Termination "Game drawn by repetition"]

1. d4 d5 2. c4 e6 3. Nf3 Nf6 4. g3 dxc4 5. Bg2 a6 6. O-O Nc6 7.
Qc2 Nxd4 8. Nxd4 Qxd4 9. Rd1 Qb6 10. Qxc4 Bc5 11. e3 O-O 12. Nc3 Bd6 13. b3 Bd7 14.
Bb2 Rad8 15. Rac1 e5 16. h4 Be6 17. Qe2 Bg4 18. f3 Be6 19. Kh2 Qa7 20. Rd2 b5 21. Bf1 Bc5 22. Nd1 Rd6 23. Rdc2 Bb6 24. Bxe5 Rd7 25.
Bg2 Rfd8 26. Bxf6 gxf6 27. e4 f5 28. Nc3 b4 29. Na4 Be3 30. Re1 Bh6 31. Nc5 Rd2 32. Rxd2 Rxd2 33. Qf1 Qxc5 34. exf5 Bxf5 35. Re8+ Kg7 36.
Qa1+ Qc3 37. Qe1 Rd7 38. Qe2 Rd2 39. Qe7 Bg6 40. Qf8+ Kf6 41. Qe7+ Kg7 42. Qf8+ Kf6 43.
Qe7+ Kg7 1/2-1/2

[Event "Early-Titled-Tuesday-Blitz-October-10-2023"]
[Site "Chess.com"]
[Date "2023.10.10"]
[Round "8"]
[White "GaiozNigalidze"]
[Black "JimDiGrease"]
[Result "1-0"]
[WhiteElo "2730"]
[BlackElo "2903"]
[TimeControl "180+1"]
[EndTime "9:27:43 PDT"]
[Termination "GaiozNigalidze won on time"]

1. d4 d5 2. c4 e6 3. cxd5 exd5 4. Nc3 c6 5. Bf4 Bd6 6. Bxd6 Qxd6 7. e3 Bf5 8. Bd3 Bxd3 9. Qxd3 Nf6 10. Nge2 Nbd7 11. f3 O-O 12. O-O Rfe8 13. Rae1 Rad8 14. Ng3 c5 15. Nf5 Qb6 16. dxc5 Nxc5 17. Qb5 Qxb5 18.
Nxb5 a6 19. Nbd4 g6 20. Ng3 Rc8 21. Rc1 Nd3 22. Rxc8 Rxc8 23. Rb1 Nd7 24. Nge2 Re8 25. Nc2 Rc8 26. Ned4 N3e5 27. Kf2 Nb6 28. Ke2 Kf8 29.
Rd1 Nec4 30. b3 Nd6 31. Nb4 a5 32. Nd3 Ke7 33. h4 Nd7 34. g4 a4 35. Nf4 Nb6 36. Rb1 a3 37. Rd1 h6 38. g5 hxg5 39.
hxg5 Rc3 40. Kd2 Rc5 41. Nc2 Ra5 42. Nd4 Nd7 43. Rc1 Nc5 44. b4 Ra4 45. bxc5 Nc4+ 46. Kc3 Nxe3 47. Re1 1-0

[Event "Early-Titled-Tuesday-Blitz-October-10-2023"]
[Site "Chess.com"]
[Date "2023.10.10"]
[Round "8"]
[White "Abund"]
[Black "Journey_to_GrandMaster_YT"]
[Result "1-0"]
[WhiteElo "2792"]
[BlackElo "2636"]
[TimeControl "180+1"]
[EndTime "9:27:43 PDT"]
[Termination "Abund won on time"]

1. e4 d6 2. d4 Nf6 3. Nc3 e5 4. Nf3 Nbd7 5. Rg1 h5 6. Bg5 c6 7.
Qd2 b5 8. Bd3 Be7 9. a4 b4 10. Ne2 a5 11. Ng3 g6 12. b3 Bb7 13.
h4 O-O 14. O-O-O Ng4 15. dxe5 Ndxe5 16. Nxe5 Nxe5 17. Be2 d5 18. f4 Nd7 19. e5 Re8 20.
Nf1 Bxg5 21. hxg5 Nc5 22. Bf3 Ne4 23. Bxe4 dxe4 24. Qe2 Qc7 25. Ne3 Rad8 26. g4 h4 27. Rh1 Rxd1+ 28. Qxd1 Rd8 29. Qe1 h3 30. Rxh3 Qb6 31.
Qh4 Kf8 32. Qh8+ Ke7 33. Qf6+ Kd7 34. e6+ fxe6 35. Nc4 Qg1+ 36. Kb2 Kc8 37. Rh8 Rxh8 38. Qxh8+ Kc7 39. Qe5+ Kd7 40. Qxe4 Qc5 41. Qe5 Qd5 42.
Nb6+ 1-0

[Event "Early-Titled-Tuesday-Blitz-October-10-2023"]
[Site "Chess.com"]
[Date "2023.10.10"]
[Round "8"]
[White "hakanazeri2"]
[Black "Kotofeyca"]
[Result "1-0"]
[WhiteElo "2603"]
[BlackElo "2430"]
[TimeControl "180+1"]
[EndTime "9:27:44 PDT"]
[Termination "hakanazeri2 won by checkmate"]

1. Nf3 d5 2. d4 c6 3. c4 Nf6 4. Nc3 dxc4 5. a4 Bg4 6. Ne5 Bh5 7. Nxc4 Na6 8. Qb3 e6 9. e3 Nb4 10. Bd2 a5 11. f3 Bg6 12. Rc1 c5 13. Nb5 cxd4 14.
Nb6 Qxb6 15. Nc7+ Kd8 16. Nxa8 Qa7 17. Qc4 Nc6 18. b4 Bxb4 19. Bxb4 axb4 20. Qb5 Qxa8 21. Qb6+ Ke8 22. Bb5 Nd7 23. Bxc6 bxc6 24. Qxd4 Qxa4 25.
Rd1 c5 26. Qxg7 Rf8 27. O-O Ke7 28. Rd2 Nf6 29. Rfd1 b3 30. Qh6 Qc6 31. Qg5 Bc2 32. Rd7+ Qxd7 33. Rxd7+ Kxd7 34. Qxf6 Kc6 35. Kf2 Rb8 36.
Qb2 c4 37. Kg3 Bd3 38. h4 Rb5 39. Kh3 h5 40. g4 hxg4+ 41. fxg4 Kc5 42. h5 Kb4 43.
Qd2+ Ka3 44. h6 b2 45. Qc3+ Rb3 46. Qa5# 1-0

[Event "Early-Titled-Tuesday-Blitz-October-10-2023"]
[Site "Chess.com"]
[Date "2023.10.10"]
[Round "8"]
[White "ExchangeAB"]
[Black "maracayo"]
[Result "1/2-1/2"]
[WhiteElo "2496"]
[BlackElo "2378"]
[TimeControl "180+1"]
[EndTime "9:27:45 PDT"]
[Termination "Game drawn by repetition"]

1. d4 d6 2. Nc3 Nf6 3. e4 c6 4.
Bc4 d5 5. exd5 cxd5 6. Bd3 Nc6 7. Nge2 Bg4 8. O-O e6 9. Bf4 Be7 10. Nb5 O-O 11. h3 Bh5 12. a4 a6 13. Na3 Nxd4 14.
g4 Nxe2+ 15. Qxe2 Bg6 16. Be5 Rc8 17. f4 Bxd3 18. cxd3 Nd7 19. Bd4 Bf6 20. Bxf6 Qxf6 21. f5 Qd4+ 22. Kg2 e5 23. g5 f6 24. g6 Rfe8 25.
gxh7+ Kh8 26. Rac1 Rxc1 27. Rxc1 e4 28. Rc7 Ne5 29. dxe4 Qxe4+ 30. Qxe4 dxe4 31. Rxb7 e3 32. Kf1 Nd3 33. Ke2 Nf4+ 34. Ke1 e2 35. Nc2 Nd3+ 36.
Kd2 e1=Q+ 37. Nxe1 Nxe1 38. Rb6 Nf3+ 39. Kd3 Nh4 40.
Rxa6 Rb8 41. Kc3 Nxf5 42. b4 Ne3 43. b5 f5 44. b6 f4 45. Kd3 Nd5 46. a5 Nb4+ 47.
Ke4 Nxa6 48. Kxf4 Kxh7 49. Ke5 Kg6 50. Kd6 Kf5 51. Kc6 g5 52. Kb5 Ra8 53. b7 Ra7 54.
Kb6 Rxb7+ 55. Kxb7 Nb4 56. Kb6 Kf4 57. Kb5 Nd5 58.
Kc6 Nb4+ 59. Kb5 Nd5 60. Kc6 Ne7+ 61. Kd7 Nd5 62. Kc6 1/2-1/2

[Event "Early-Titled-Tuesday-Blitz-October-10-2023"]
[Site "Chess.com"]
[Date "2023.10.10"]
[Round "8"]
[White "Witty_Alien"]
[Black "NovikovaGalina"]
[Result "1-0"]
[WhiteElo "2243"]
[BlackElo "2415"]
[TimeControl "180+1"]
[EndTime "9:27:45 PDT"]
[Termination "Witty_Alien won on time"]

1. e4 e6 2. d4 d5 3. exd5 exd5 4.
c4 Nf6 5. Nc3 Be7 6. Nf3 O-O 7.
Bd3 Bg4 8. O-O c6 9. Bf4 Nbd7 10.
h3 Bh5 11. c5 b6 12. b4 a5 13.
b5 bxc5 14. bxc6 Nb6 15. c7 Qc8 16. dxc5 Bxc5 17. Rc1 Bb4 18. Nb5 Qd7 19. a3 Be7 20. Re1 Rfe8 21. Kh2 a4 22. g4 Bg6 23. Ne5 Qc8 24.
Nc6 Bf8 25. Rxe8 Qxe8 26. Bxg6 hxg6 27. Qd4 Nc8 28. g5 Ne4 29. Qxd5 Nxf2 30. Rc2 Qe1 31. Bg3 Qh1+ 32. Qxh1 Nxh1 33. Kxh1 Nb6 34. Bf2 Nd5 35. Bc5 Rc8 36. Bxf8 Kxf8 37. Nca7 Nxc7 38. Nxc8 Nxb5 39. Rd2 Ke8 40. Nd6+ Nxd6 41. Rxd6 Ke7 42. Ra6 1-0

[Event "Early-Titled-Tuesday-Blitz-October-10-2023"]
[Site "Chess.com"]
[Date "2023.10.10"]
[Round "8"]
[White "MightyGMpretender"]
[Black "lefonghua"]
[Result "1-0"]
[WhiteElo "2752"]
[BlackElo "2606"]
[TimeControl "180+1"]
[EndTime "9:27:46 PDT"]
[Termination "MightyGMpretender won by resignation"]

1. e4 c5 2. Nc3 g6 3. d4 cxd4 4. Qxd4 Nf6 5. Be3 Nc6 6. Qd2 d6 7. f3 Bg7 8. Bc4 Bd7 9. Nge2 Qa5 10. Bh6 O-O 11. O-O-O Rfc8 12. Bb3 b5 13. h4 b4 14. Nd5 Nxd5 15. exd5 Ne5 16. Bxg7 Kxg7 17. h5 Bf5 18. Nd4 Rh8 19. Qg5 Kf8 20. Nxf5 gxf5 21. Qxf5 Qc7 22. f4 Nc4 23. Rd4 Nxb2 24. Rh3 Qc5 25. Qe4 a5 26.
Kxb2 a4 27. Re3 Qc7 28. Bc4 Rg8 29. Bb5 a3+ 30. Kb1 Rb8 31. Bc6 Qa7 32. g3 h6 33. Kc1 Rg4 34. Kd1 Rg7 35. Ke2 Qc7 36. Kf2 Qa7 37. Kg2 Rc8 38. Kh2 Rc7 39. Re2 Qc5 40.
Rxb4 Qa7 41. Rb3 Kg8 42. Qf5 Kh8 43. Qe4 Kg8 44. Qb4 Kh8 45. Qb8+ Qxb8 46. Rxb8+ Rg8 47. Rb3 Rf8 48. c4 Kg7 49. Rxa3 Kf6 50. Rb3 Rg8 51. a4 Rcc8 52. a5 Rc7 53. a6 Ra7 54. Bb7 Rxb7 55. axb7 1-0

[Event "Early-Titled-Tuesday-Blitz-October-10-2023"]
[Site "Chess.com"]
[Date "2023.10.10"]
[Round "8"]
[White "play1ngtheangel"]
[Black "Msb2"]
[Result "1/2-1/2"]
[WhiteElo "2697"]
[BlackElo "3051"]
[TimeControl "180+1"]
[EndTime "9:27:48 PDT"]
[Termination "Game drawn by stalemate"]

1. e4 e6 2. d4 d5 3. Nd2 c5 4.
exd5 Qxd5 5. Ngf3 cxd4 6. Bc4 Qd6 7. O-O Nf6 8. Re1 Be7 9. Ne4 Nxe4 10. Rxe4 Nc6 11. Nxd4 e5 12. Bf4 exf4 13. Nxc6 Qxd1+ 14. Rxd1 bxc6 15. Rde1 Kf8 16. Rxe7 Be6 17. R1xe6 fxe6 18.
Rc7 h5 19. h4 Rh6 20. Rxc6 e5 21. Rc7 Rf6 22. f3 a5 23. Rc5 Re8 24. Bd3 a4 25. Bb5 Rd8 26. Rxe5 Rd1+ 27. Kh2 Rb1 28. Re8+ Kf7 29.
Rb8 Rd6 30. Bd3 a3 31. b4 g6 32. b5 Kg7 33. Rb7+ Kf6 34. Ra7 Re6 35. Be4 Rxb5 36.
Rxa3 Rb1 37. Ra8 Rd6 38. Bd3 Ra1 39. g3 fxg3+ 40. Kxg3 Rb6 41. a4 Rb4 42. Ra6+ Ke7 43. Bxg6 Rbxa4 44. Rxa4 Rxa4 45. Bxh5 Kf6 46. f4 Rc4 47.
Bd1 Kf5 48. Bg4+ Kf6 49. Bd1 Kf5 50. Bg4+ Ke4 51. Bh5 Ke3 52. f5 Rxc2 53. f6 Rf2 54. f7 Rf6 55. Kg4 Ke4 56. Kg5 Ke5 57. Bg6 Ke6 58. h5 Rxf7 59. Bxf7+ Kxf7 60. h6 Kg8 61. Kg6 Kh8 62. h7 1/2-1/2

[Event "Early-Titled-Tuesday-Blitz-October-10-2023"]
[Site "Chess.com"]
[Date "2023.10.10"]
[Round "8"]
[White "Zeck_CH"]
[Black "hawes33"]
[Result "1-0"]
[WhiteElo "2484"]
[BlackElo "2268"]
[TimeControl "180+1"]
[EndTime "9:27:49 PDT"]
[Termination "Zeck_CH won on time"]

1. Nf3 Nf6 2. c4 g6 3. b3 Bg7 4. Bb2 O-O 5. e3 d5 6. cxd5 Qxd5 7. Nc3 Qd8 8. Qc2 Nc6 9. a3 Bf5 10. d3 Qd7 11. h3 Rad8 12. Rd1 a6 13. Be2 b5 14. g4 Be6 15. Ng5 Na5 16. b4 Bb3 17.
Qc1 Bxd1 18. Qxd1 Nb7 19. d4 h6 20. Nf3 Nd6 21. Ne5 Qe6 22. f4 Nc4 23. Bxc4 bxc4 24. Qe2 Nd5 25. O-O Nxc3 26. Bxc3 Bxe5 27. fxe5 Kg7 28. Rc1 Qd5 29. Be1 Qe4 30. Rc2 f6 31. Bg3 fxe5 32. Bxe5+ Kh7 33. Bxc7 Rd7 34. Bf4 g5 35.
Be5 Rf3 36. Rc3 Rxh3 37. Qg2 Qb1+ 38. Kf2 Qb2+ 39. Kg1 Qxc3 40. Qxh3 Qe1+ 41. Kg2 c3 42. Qf3 e6 43. Qf8 Qe2+ 44. Kh1 Qd1+ 45. Kh2 Qe2+ 46. Kh1 Qd1+ 47. Kh2 Qd2+ 48. Kh1 Qe1+ 49. Kh2 Qh4+ 50. Kg2 Qxg4+ 51. Kh2 Qf5 52. Qh8+ Kg6 53. Qe8+ Rf7 54.
Qg8+ Kh5 55. Qc8 c2 56. Bg3 Qd3 57. Qxe6 Qd2+ 58. Kh3 1-0